AoeStats
← Joaking

Marketplace

506944689Analyzed
1v1 RM · 16d ago on Sep 15, 2026· 97m 27s· 2 players
Game mode
Random Map
Map size
Tiny (2 player)
Population
200
Speed
Normal
Resources
Standard
Victory
Conquest
Starting age
Dark Age
Ending age
Imperial Age
RankedLock teamsTeams togetherTeam positionsShared explorationLock speedFull tech treeHidden civsTurbo modeCheats
Victory
Defeat
🇨🇱 Poles · Chile
1039
+16
🇧🇷 Burgundians · Brazil
1035
-16
MWPS | VERGATE
4:46 Double-Bit Axe
7:23 Loom
10:10 Feudal Age
9:12 Horse Collar
11:04 Bow Saw
14:08 Wheelbarrow
21:06 Castle Age
19:31 Heavy Plow
19:34 Gold Mining
20:35 Forging
20:31 Scale Barding Armor
25:17 Iron Casting
24:38 Cavalier
29:34 Pikeman
30:15 Squires
36:43 Chain Barding Armor
41:11 Imperial Age
39:52 Gold Shaft Mining
39:07 Stone Mining
39:39 Husbandry
41:07 Hand Cart
42:56 Chemistry
42:16 Ballistics
43:27 Burgundian Vineyards
42:58 Halberdier
43:01 Paladin
45:11 Conscription
46:58 Fletching
48:09 Blast Furnace
47:44 Plate Barding Armor
55:14 Scale Mail Armor
56:23 Sappers
59:21 Chain Mail Armor
62:39 Plate Mail Armor
62:11 Flemish Revolution
73:01 Light Cavalry
74:02 Hussar
87:12 Bodkin Arrow
87:18 Padded Archer Armor
87:41 Elite Skirmisher
96:10 Bracer
Joaking
2:00 Loom
11:32 Feudal Age
16:32 Scale Barding Armor
22:17 Castle Age
21:21 Forging
21:54 Horse Collar
23:24 Bloodlines
23:15 Husbandry
23:54 Chain Barding Armor
35:35 Iron Casting
40:24 Imperial Age
41:49 Wheelbarrow
40:59 Town Watch
40:37 Cavalier
42:21 Blast Furnace
42:44 Heavy Plow
42:32 Double-Bit Axe
43:30 Fortified Wall
44:24 Hand Cart
46:19 Scale Mail Armor
46:20 Pikeman
47:00 Squires
46:46 Arson
47:18 Chain Mail Armor
50:15 Plate Mail Armor
52:52 Szlachta Privileges
58:40 Capped Ram
62:42 Coinage
62:23 Caravan
62:54 Coinage
63:58 Light Cavalry
66:28 Banking
67:52 Winged Hussar
69:29 Bow Saw
71:02 Fletching
71:13 Padded Archer Armor
72:16 Chemistry
71:37 Ballistics
70:42 Elite Skirmisher
71:41 Thumb Ring
72:54 Bodkin Arrow
73:15 Leather Archer Armor
74:13 Bracer
73:49 Siege Ram
75:32 Crop Rotation
74:55 Stone Mining
74:55 Gold Mining
83:29 Crossbowman
84:08 Arbalester
87:26 Town Patrol
86:58 Onager
98:24 Conscription
98:26 Lechitic Legacy
Connection lost

Rejoining the realm…

Still unreachable

The connection could not be restored.

Session expired

The server has moved on; the page needs a fresh start.